 Dungeon Crawl Stone Soup version 0.32-a0-361-g289a535e89 (webtiles) character file.

Game seed: 3905111975569233835

123 ytrimaz the Chopper (level 5, 0/38 HPs)
             Began as a Coglin Reaver on Feb 18, 2024.
             Slain by an orc
             ... wielding a +0 mace
              (5 damage)
             ... on level 3 of the Dungeon.
             The game lasted 00:03:23 (2513 turns).

ytrimaz the Chopper (Coglin Reaver)                 Turns: 2513, Time: 00:03:24

Health: 0/38       AC:  9    Str: 15    XL:     5   Next: 7%
Magic:  7/7        EV: 11    Int: 12    God:
Gold:   79         SH:  0    Dex: 12    Spells: 6/7 levels left

rFire   + . .        a - +0 hand axe {Bintanath}
rCold   + . .        (no shield)
rNeg    . . .        b - +0 leather armour
rPois   +            (no helmet)
rElec   +            (no cloak)
rCorr   +            (no gloves)
SInv    .            g - +1 pair of boots
Will    .....        (no amulet)
Stlth   +            k - +4 ring of protection
HPRegen 0.26/turn    (no ring)
MPRegen 0.10/turn

%: no passive effects
@: brilliant, resistant, revving
A: off-hand wielding, slow wielding, warmup strikes, warmup strides
a: no special abilities


You were on level 3 of the Dungeon.
You visited 1 branch of the dungeon, and saw 3 of its levels.

You collected 79 gold pieces.


Innate Abilities, Weirdness & Mutations

You can wield a second weapon in your off-hand.
It takes a long time for you to wield or remove held weapons.
Your first few attacks do less damage.
Your first movements take longer.


   Skills:
 - Level 2.0 Fighting
 * Level 4.7 Axes
 - Level 1.7 Dodging
 - Level 1.8 Spellcasting
 - Level 2.6 Conjurations
 + Level 2.5 Necromancy


You had 6 spell levels left.
You knew the following spells:

 Your Spells              Type           Power      Damage    Failure   Level
a - Kiss of Death         Conj/Necr      40%        2d8       12%         1

Your spell library contained the following spells:

 Spells                   Type           Power      Damage    Failure   Level
 Magic Dart               Conj           44%        1d5       12%         1
 Searing Ray              Conj           22%        2d5       17%         2
 Momentum Strike          Conj/Tloc      12%        3d8       30%         2
 Ensorcelled Hibernation  Hex/Ice        2%         N/A       45%         2
 Hailstorm                Conj/Ice       6%         3d5       52%         3
 Passwall                 Erth           1%         N/A       71%         3
 Swiftness                Air            1%         N/A       71%         3
 Fulminant Prism          Conj/Alch      3%         3d5       89%         4

Inventory:

Hand Weapons
 a - a +0 hand axe (weapon) {Bintanath}
Armour
 b - a +0 leather armour (worn)
 g - a +1 pair of boots (worn)
   (You found it on level 1 of the Dungeon)
Jewellery
 k - a +4 ring of protection (left grasper)
   (You found it on level 2 of the Dungeon)
Scrolls
 e - 2 scrolls of teleportation
Potions
 f - a potion of brilliance
 i - 2 potions of heal wounds {unknown}

Dungeon Overview and Level Annotations

Branches:
Dungeon (3/15) Zot: 15342

Altars:

******* ****
#..$..############*,,,
#.....############*,**
#..........#######*,*
*.....####.#######*,*
*,....####.J......,,*
**#o##############***
#.##################
#oo@§§§§§§§.........
############.#.#####
##.................$
##.#########)#.#####
##.#########.#.#
######.########.#..#
#...)......###.###.##
#.####.###....#####.#
*,* #.###..##.###.##


You could see 2 orcs.


Message History

You are too injured to fight recklessly! 😨 HP[-1]
You take 1 damage, and now have 19/38 hp.
You hit the bat. The bat misses you. The bat closely misses you. x2
You are too injured to fight recklessly!
Unknown command.
You barely miss the bat.
The bat hits you but does no damage. 😮 HP[+1]
You are too injured to fight recklessly!
The bat barely misses you.
Unknown command.
You barely miss the bat. The bat hits you but does no damage. x2
You are too injured to fight recklessly!
You closely miss the bat. The bat hits you but does no damage.
The bat closely misses you. 😮 HP[+1]
You are too injured to fight recklessly!
You hit the bat but do no damage. The bat hits you. 😮 HP[-1]
You take 1 damage, and now have 20/38 hp.
You hit the bat.
You kill the bat!
You are too injured to fight recklessly!
Unknown command.
You see here a bat corpse. 😮 HP[+1]
You are too injured to fight recklessly!
As you read the scroll labelled DEESAS QIRUIG YRPH, it crumbles to dust.
You feel aware of your surroundings.
It was a scroll of revelation. 3 orcs and an endoplasm come into view.
Unknown command.
There are monsters nearby!
Unknown command. 😮 HP[+1]
As you read the scroll labelled SOXZUE ZOVVADGHA, it dissolves into smoke.
It was a scroll of fog.
Unknown command.
As you read the scroll labelled XEMUALEYDA, it crumbles to dust.
It is a scroll of enchant armour.
Your +0 pair of boots glows green for a moment.
As you read the scroll labelled PUOWEOLIHY, it crumbles to dust.
You hear a loud clanging noise!
It was a scroll of noise.
You hear a shout! x4; You hear an angry hiss.
Unknown command.
You see here a bat corpse. 😮 HP[+1] 😮 HP[+1]
You hit the orc.
The orc hits you with a +0 dagger. 😮 HP[-2]
You take 2 damage, and now have 22/38 hp.
You hit the orc but do no damage.
The orc hits you with a +0 dagger. 😮 HP[-1]
You take 1 damage, and now have 21/38 hp.
You are too injured to fight recklessly!
Unknown command.
You hit the orc but do no damage. The orc closely misses you. 😮 HP[+1]
You are too injured to fight recklessly!
You hit the orc.
You kill the orc!
Unknown command.
You are too injured to fight recklessly!
Things that are here:
a +0 dagger; a +0 scale mail; 😮 HP[+1]
The orc shouts!
You hear a shout!
An orc priest comes into view. It is wielding a +0 flail.
The orc priest threatens, "Beogh's wrath is as vast as their mercy.
Make your choice!" (press Y on the ability menu to convert to Beogh)
You are too injured to fight recklessly!
You hit the orc. The orc hits you but does no damage.
Unknown command.
The orc hits you but does no damage. x2
Things that are here:
a +0 dagger; a +0 scale mail; 😮 HP[+1] It was a potion of resistance.
You feel protected. The orc misses you. The orc hits you but does no damage.
It was a potion of brilliance.
You feel clever all of a sudden. The orc barely misses you.
The orc closely misses you.
Press: ? - help, v - describe, . - travel
Here: an orc priest, wielding a +0 flail The floor.
Press: ? - help, v - describe, . - travel
Here: an orc priest, wielding a +0 flail The floor.
It was a potion of magic.
Magic courses through your body.
The orc priest invokes the aid of Beogh against you.
Beogh smites you!
* * * LOW HITPOINT WARNING * * *
The orc closely misses you. The orc hits you with a +0 mace.
* * * LOW HITPOINT WARNING * * *
😱 HP[-20]
You take 20 damage, and now have 4/38 hp.
MASSIVE DAMAGE!! (PAUSE) Unknown command.
Okay, then.
The orc hits you with a +0 mace.
You die...

Skill      XL: |  1  2  3 |
---------------+----------+-----
Necromancy     | 1 2 |  2.5
Axes           | 4 |  4.7
Fighting       | |  2.0
Dodging        | |  1.7
Spellcasting   | |  1.8
Conjurations   | |  2.6

Action                     |  1- 3 |  4- 6 || total
---------------------------+-------+-------++-------
  Melee: Hand axe          |   118 |   120 ||   238
    Use: Scroll            |     1 |     5 ||     6
         Potion            |       |     3 ||     3
   Stab: Sleeping          |     1 |       ||     1
 Armour: Leather armour    |    78 |    94 ||   172
  Dodge: Dodged            |    72 |    97 ||   169

Levels and vault maps discovered:
D:1:      reono_arrival_forest_river, layout_loops_corners, minmay_pentomino_x4
D:2:      layout_loops_corners, ebering_ecumenical_altar_hall,
          corexii_item_surrounded_by_moat, hangedman_decor_growths
D:3:      layout_loops_ring, uniq_robin

Notes
Turn   | Place    | Note
-------+----------+-------------------------------------------
     0 | D:1      | ytrimaz the Coglin Reaver began the quest for the Orb.
     0 | D:1      | Reached XP level 1. HP: 16/16 MP: 3/3
     0 | D:1      | magus.rc [v1.9.6]
   131 | D:1      | Reached XP level 2. HP: 22/22 MP: 4/4
   146 | D:1      | Reached skill level 1 in Necromancy
   349 | D:1      | Reached XP level 3. HP: 13/27 MP: 5/5
   928 | D:1      | Reached skill level 4 in Axes
  1352 | D:2      | Reached skill level 2 in Necromancy
  1352 | D:2      | Reached XP level 4. HP: 24/33 MP: 6/6
  1493 | D:2      | Found a faded altar of an unknown god.
  1569 | D:2      | You pick up a book of Conjurations and begin reading...
  1569 | D:2      | You add the spells Magic Dart, Searing Ray and Fulminant
                  | Prism to your library.
  1887 | D:2      | You pick up a book of Burglary and begin reading...
  1887 | D:2      | You add the spells Ensorcelled Hibernation, Swiftness and
                  | Passwall to your library.
  2418 | D:3      | Reached XP level 5. HP: 38/38 MP: 7/7
  2512 | D:3      | HP: 7/38 [orc priest/divine providence (17)]
  2513 | D:3      | Slain by an orc

Vanquished Creatures
  4 adders (D:2)
  2 dart slugs (D:1)
  An orc (D:3)
  5 endoplasms
  2 giant cockroaches
  4 goblins
  5 hobgoblins
  4 jackals (D:1)
  2 quokkas
  3 ball pythons
  3 bats
  4 frilled lizards
  5 kobolds
  4 rats
48 creatures vanquished.

Table legend:
 A = Non-vault XP
 B = Vault XP
 C = Vault XP percentage of total XP
 D = Non-vault monster count
 E = Vault monster count
 F = Vault count percentage of total count
                 A         B        C        D         E       F
            +---------+---------+-------+---------+---------+-------
      Total |     166 |      11 |   6.2 |      44 |       4 |   8.3
            +---------+---------+-------+---------+---------+-------
        D:1 |      60 |      11 |  15.5 |      22 |       4 |  15.4
        D:2 |      92 |       0 |   0.0 |      17 |       0 |   0.0
        D:3 |      14 |       0 |   0.0 |       5 |       0 |   0.0
            +---------+---------+-------+---------+---------+-------

Skill      XL: |  1  2  3 |
---------------+----------+-----
Necromancy     | 1 2 |  2.5
Axes           | 4 |  4.7
Fighting       | |  2.0
Dodging        | |  1.7
Spellcasting   | |  1.8
Conjurations   | |  2.6

Action                     |  1- 3 |  4- 6 || total
---------------------------+-------+-------++-------
  Melee: Hand axe          |   118 |   120 ||   238
    Use: Scroll            |     1 |     5 ||     6
         Potion            |       |     3 ||     3
   Stab: Sleeping          |     1 |       ||     1
 Armour: Leather armour    |    78 |    94 ||   172
  Dodge: Dodged            |    72 |    97 ||   169

Illustrated notes

Table legend:
 A = Kills in this place as a percentage of kills in the entire game.
 B = Kills by you in this place as a percentage of kills by you in the entire game.
 C = Kills by friends in this place as a percentage of kills by friends in the entire game.
 D = Other kills in this place as a percentage of other kills in the entire game.
 E = Experience gained in this place as a percentage of experience gained in the entire game.
 F = Experience gained in this place divided by the number of levels of this place that you have seen.
                   A       B       C       D       E      F
               +-------+-------+-------+-------+-------+----------------------
         Total | 100.0 | 100.0 |   N/A |   N/A | 100.0 |  59.0
       Dungeon | 100.0 | 100.0 |   N/A |   N/A | 100.0 |  59.0
               +-------+-------+-------+-------+-------+----------------------

Table legend: (Time is in decaauts)
 A = Elapsed time spent in this place.
 B = Non-inter-level travel time spent in this place.
 C = Inter-level travel time spent in this place.
 D = Time resting spent in this place.
 E = Time spent auto-exploring this place.
 F = Levels seen in this place.
 G = Mean time per level.
                   A        B        C        D        E       F      G
               +--------+--------+--------+--------+--------+-----+--------+
         Total |   2655 |   2618 |     37 |      0 |   2038 |   3 |  885.0 |
       Dungeon |   2655 |   2618 |     37 |      0 |   2038 |   3 |  885.0 |
               +--------+--------+--------+--------+--------+-----+--------+

Top non-repeatable levels by time:
     D:1: 1283 daAuts
     D:2: 1252 daAuts
     D:3: 120 daAuts
